 Dungeon Crawl Stone Soup version 0.24-a0-530-g18ba70b503 (webtiles) character file.

Game seed: 14312620464661891455

19 Liat the Shield-Bearer (level 2, -4/24 HPs)
             Began as a Human Fighter on Aug 7, 2019.
             Slain by a hornet zombie (6 damage)
             ... on level 2 of the Dungeon.
             The game lasted 00:13:18 (1415 turns).

Liat the Shield-Bearer (Human Fighter)              Turns: 1415, Time: 00:13:19

Health: -4/24      AC:  6    Str: 16    XL:     2   Next: 95%
Magic:  2/2        EV:  7    Int:  8    God:
Gold:   17         SH:  9    Dex: 12    Spells: 1/1 levels left

rFire    . . .     SeeInvis .   a - +0 war axe
rCold    . . .     Gourm    .   c - +0 shield
rNeg     . . .     Faith    .   b - +0 scale mail
rPois    .         Spirit   .   (no helmet)
rElec    .         Reflect  .   (no cloak)
rCorr    .         Harm     .   (no gloves)
MR       .....                  (no boots)
Stlth    ..........             (no amulet)
HPRegen  0.08/turn              (no ring)
MPRegen  0.08/turn              (no ring)

@: no status effects
A: no striking features
a: no special abilities


You were on level 2 of the Dungeon.
You were not hungry.

You visited 1 branch of the dungeon, and saw 2 of its levels.

You collected 17 gold pieces.

Inventory:

Hand Weapons
 a - a +0 war axe (weapon)
 h - a +0 dagger
 k - a +0 short sword
 n - a +0 club
 r - a cursed -1 dagger
 s - a +0 dagger
Missiles
 e - 23 stones (quivered)
 g - 8 sling bullets
Armour
 b - a +0 scale mail (worn)
 c - a +0 shield (worn)
 j - a +0 robe
 l - a +0 leather armour
Scrolls
 m - a scroll of noise {unknown}
 o - a scroll of identify {unknown}
 p - a scroll of remove curse {unknown}
 q - a scroll of enchant armour {unknown}
Potions
 d - a potion of might


   Skills:
 + Level 3.2 Fighting
 + Level 2.0 Axes
 + Level 3.3 Armour
 + Level 3.4 Shields


You had one spell level left.
You didn't know any spells.
Your spell library was empty.

Dungeon Overview and Level Annotations

Branches:
Dungeon (2/15)

Altars:


Message History

You kill the hobgoblin!
You see here a hobgoblin corpse.
You see here a hobgoblin corpse.
It was a potion of curing.
You feel better.
You see here a hobgoblin corpse.
There is a stone staircase leading down, spattered with blood here.
You can't go up here!
You climb downwards.
The hornet zombie barely misses you.
There is a stone staircase leading up here.
You hit the hornet zombie but do no damage.
You block the hornet zombie's attack.
The hornet zombie hits you but does no damage.
You hit the hornet zombie but do no damage.
The hornet zombie barely misses you. The hornet zombie hits you!
You closely miss the hornet zombie. The hornet zombie hits you!
* * * LOW HITPOINT WARNING * * *
The hornet zombie barely misses you.
You can't go down here!
The hornet zombie hits you.
You die...

########
#......#
#...@Z.#
#......#
#...[..#
#.......#
#.........
#......##).
#......#
###
########


You could see a hornet zombie.

Vanquished Creatures
  A dart slug (D:1)
  A leopard gecko (D:1)
  A goblin (D:1)
  4 hobgoblins (D:1)
  2 jackals (D:1)
  A frilled lizard (D:1)
  3 kobolds (D:1)
  A rat (D:1)
14 creatures vanquished.

Notes
Turn   | Place    | Note
-------+----------+-------------------------------------------
     0 | D:1      | Liat the Human Fighter began the quest for the Orb.
     0 | D:1      | Reached XP level 1. HP: 18/18 MP: 1/1
   422 | D:1      | Reached XP level 2. HP: 19/24 MP: 2/2
  1324 | D:2      | Noticed a hornet zombie
  1415 | D:2      | Slain by a hornet zombie

Levels and vault maps discovered:
D:1:      elethiomel_arrival_quiet, layout_loops_cross
D:2:      layout_rooms, overflow_temple_1_default,
          nicolae_overflow_hidden_temple, first_ration, st_stairs_6,
          grunt_decor_arrowhead, uniq_jessica

Action                   || total
-------------------------++-------
Melee: War axe           ||    49
  Use: Potion            ||     2
  Eat: Ration            ||     1
Armor: Scale mail        ||    21
Dodge: Dodged            ||    15
Block: Shield            ||    32

Table legend:
 A = Non-vault XP
 B = Vault XP
 C = Vault XP percentage of total XP
 D = Non-vault monster count
 E = Vault monster count
 F = Vault count percentage of total count
                 A         B        C        D         E       F
            +---------+---------+-------+---------+---------+-------
      Total |      28 |       0 |   0.0 |      14 |       0 |   0.0
            +---------+---------+-------+---------+---------+-------
        D:1 |      28 |       0 |   0.0 |      14 |       0 |   0.0
            +---------+---------+-------+---------+---------+-------
